 Dungeon Crawl Stone Soup version 0.27-a0-277-g024f7ef292 (webtiles) character file.

Game seed: 10977048256489407943

34 Borgoz the Ruffian (level 3, -1/30 HPs)
             Began as a Ghoul Gladiator on Feb 5, 2021.
             Slain by a gnoll (7 damage)
             ... on level 2 of the Dungeon.
             The game lasted 00:00:52 (760 turns).

Borgoz the Ruffian (Ghoul Gladiator)                 Turns: 760, Time: 00:00:53

Health: -1/30      AC:  4    Str: 23    XL:     3   Next: 31%
Magic:  2/2        EV: 12    Int:  3    God:
Gold:   24         SH:  0    Dex: 11    Spells: 2/2 levels left

rFire    . . .     SeeInvis .     - Unarmed
rCold    + . .     Faith    .   (no shield)
rNeg     + + +     Spirit   .   a - +0 leather armour
rPois    ∞         Reflect  .   b - +0 helmet
rElec    .         Harm     .   (no cloak)
rCorr    .         Rampage  .   (no gloves)
Will     .....     Rnd*Tele +   (no boots)
Stlth    +.........             (no amulet)
HPRegen  0.00/turn              d - ring of teleportation (curse)
MPRegen  0.08/turn              g - +6 ring of strength

@: no status effects
A: claws 1, cold resistance 1, negative energy resistance 3, inhibited
regeneration, torment resistance, unbreathing
a: no special abilities


You were on level 2 of the Dungeon.
You visited 1 branch of the dungeon, and saw 2 of its levels.

You collected 24 gold pieces.

Inventory:

Missiles
 c - 3 throwing nets (quivered)
Armour
 a - a +0 leather armour (worn)
 b - a +0 helmet (worn)
Jewellery
 d - a cursed ring of teleportation (left claw)
 e - a +4 ring of evasion
 g - a +6 ring of strength (right claw)


   Skills:
 + Level 2.7 Fighting
 - Level 1.7 Throwing
 + Level 1.1 Armour
 + Level 3.0 Dodging
 + Level 3.6 Unarmed Combat


You had 2 spell levels left.
You didn't know any spells.
Your spell library was empty.

Dungeon Overview and Level Annotations

Branches:
Dungeon (2/15)

Altars:

Annotations:
D:2 Terence


Innate Abilities, Weirdness & Mutations

You thrive by killing the living.
You are immune to poison.
You have sharp fingernails.
Your flesh is cold resistant. (rC+)
You are immune to negative energy. (rN+++)
You do not regenerate when monsters are visible.
You are immune to unholy pain and torment.
You can survive without breathing.


Message History

Terence is heavily wounded.
The rat closely misses you. The dart slug launches a dart at you.
The slug dart hits you.
You scratch Terence but do no damage.
Terence is heavily wounded.
Terence misses you.
A frilled lizard comes into view.
The rat closely misses you.
A gnoll comes into view. It is wielding a +0 spear.
The gnoll shouts!
You scratch Terence but do no damage.
Terence is heavily wounded.
Terence hits you with a +0 hand axe! The dart slug launches a dart at you.
The slug dart hits you. The rat barely misses you.
Terence hits you with a +0 hand axe!
* * * LOW HITPOINT WARNING * * *
The gnoll hits you!
You die...

..........
.........#####...
.......g.....#..#
.......l........#
................#
................[
.w....>.........#
........@g......#
........r@####.
.<.####.........#
### ##.#
###.....#.# ..
#.# #####.#
####.####.# #
........#.#
........#.#
........#.#
........#'##


You could see Terence, 2 gnolls, a frilled lizard and a rat.

Vanquished Creatures
  An adder (D:2)
  A dart slug (D:1)
  A giant cockroach (D:1)
  A hobgoblin (D:1)
  2 jackals (D:1)
  4 kobolds
  A ball python (D:1)
  A bat (D:1)
  3 frilled lizards
  5 goblins (D:1)
  2 rats
22 creatures vanquished.

Vanquished Creatures (others)
  7 toadstools (D:2)
7 creatures vanquished.

Grand Total: 29 creatures vanquished

Notes
Turn   | Place    | Note
-------+----------+-------------------------------------------
     0 | D:1      | Borgoz the Ghoul Gladiator began the quest for the Orb.
     0 | D:1      | Reached XP level 1. HP: 17/17 MP: 0/0
   196 | D:1      | Reached XP level 2. HP: 23/25 MP: 1/1
   560 | D:2      | Reached skill level 1 in Armour
   560 | D:2      | Reached XP level 3. HP: 11/30 MP: 2/2
   751 | D:2      | Noticed Terence
   760 | D:2      | Slain by a gnoll

Illustrated notes

Levels and vault maps discovered:
D:1:      ncdulo_smallfort, layout_rooms, minmay_misc_feat_chi
D:2:      cheibrodos_fertilizer, layout_basic, uniq_terence

Skill      XL: |  1  2 |
---------------+-------+-----
Dodging        | 3 |  3.0
Armour         | 1 |  1.1
Fighting       | |  2.7
Throwing       | |  1.7
Unarmed Combat | |  3.6

Action                   || total
-------------------------++-------
Melee: Unarmed           ||    87
  Use: Scroll            ||     2
 Stab: Sleeping          ||     1
Armor: Leather armour    ||    23
Dodge: Dodged            ||    59

Table legend: (Time is in decaauts)
 A = Elapsed time spent in this place.
 B = Non-inter-level travel time spent in this place.
 C = Inter-level travel time spent in this place.
 D = Time resting spent in this place.
 E = Time spent auto-exploring this place.
 F = Levels seen in this place.
 G = Mean time per level.
                   A        B        C        D        E       F      G
               +--------+--------+--------+--------+--------+-----+--------+
         Total |    752 |    728 |     24 |    155 |    420 |   2 |  376.0 |
       Dungeon |    752 |    728 |     24 |    155 |    420 |   2 |  376.0 |
               +--------+--------+--------+--------+--------+-----+--------+

Top non-repeatable levels by time:
     D:1: 508 daAuts
     D:2: 243 daAuts
